[Event "WYCC U16 Open 2019"]
[Site "Mumbai"]
[Date "2019.10.04"]
[Round "4.16"]
[White "Turgut, Aydin"]
[Black "Sarzhanov, Chingizkhan"]
[Result "1-0"]
[ECO "B41"]
[WhiteElo "2281"]
[BlackElo "2069"]
[Annotator "NA"]
[PlyCount "39"]
[EventDate "2019.10.02"]
[EventType "swiss"]
[EventCountry "IND"]
[SourceTitle "playchess.com"]
[Source "ChessBase"]
[SourceQuality "1"]
[TimeControl "40/5400+30:1800+30"]

1. e4 c5 2. Nf3 e6 3. d4 cxd4 4. Nxd4 a6 5. Be2 Nf6 6. Nc3 Qc7 7. O-O Nc6 8. Be3 Bb4 9. Na4 b5 10. Nxc6 dxc6 11. Bc5 Bxc5 12. Nxc5 O-O 13. Qd4 e5 14. Qc3 Nd7 15. Rfd1 Rd8 16. Qd3 Ra7 17. Bg4 b4 18. Rd2 Qb6 19. Nxd7 Bxd7 20. Rad1 1-0

[Event "WYCC U16 Open 2019"]
[Site "Mumbai"]
[Date "2019.10.05"]
[Round "5.6"]
[White "Bilych, Olexiy"]
[Black "Sankalp Gupta"]
[Result "*"]
[ECO "B90"]
[WhiteElo "2281"]
[BlackElo "2369"]
[Annotator "RC"]
[PlyCount "28"]
[EventDate "2019.10.02"]
[EventType "swiss"]
[EventCountry "IND"]
[SourceTitle "playchess.com"]
[Source "ChessBase"]
[SourceQuality "1"]
[TimeControl "40/5400+30:1800+30"]

1. e4 c5 2. Nf3 d6 3. d4 cxd4 4. Nxd4 Nf6 5. Nc3 a6 6. h3 e6 7. g4 Nfd7 8. g5 b5 9. Be3 Bb7 10. Bg2 Be7 11. h4 b4 12. Nce2 Nc5 13. Ng3 Nbd7 14. O-O Nb6 *

[Event "WYCC U16 Open 2019"]
[Site "Mumbai"]
[Date "2019.10.05"]
[Round "5.11"]
[White "Raahul V S"]
[Black "Raja Rithvik R"]
[Result "*"]
[ECO "A30"]
[WhiteElo "2262"]
[BlackElo "2369"]
[Annotator "RC"]
[PlyCount "27"]
[EventDate "2019.10.02"]
[EventType "swiss"]
[EventCountry "IND"]
[SourceTitle "playchess.com"]
[Source "ChessBase"]
[SourceQuality "1"]
[TimeControl "40/5400+30:1800+30"]

1. c4 c5 2. Nf3 Nc6 3. Nc3 g6 4. e3 Nf6 5. d4 cxd4 6. Nxd4 Bg7 7. Be2 O-O 8. O-O d5 9. cxd5 Nxd5 10. Nxc6 bxc6 11. Na4 Rb8 12. e4 Nb6 13. Nc5 Nd7 14. Na4 *

[Event "WYCC U16 Open 2019"]
[Site "Mumbai"]
[Date "2019.10.05"]
[Round "5.15"]
[White "Mis, Mieszko"]
[Black "McGowan, Cameron"]
[Result "*"]
[ECO "E68"]
[WhiteElo "2345"]
[BlackElo "2221"]
[Annotator "RC"]
[PlyCount "29"]
[EventDate "2019.10.02"]
[EventType "swiss"]
[EventCountry "IND"]
[SourceTitle "playchess.com"]
[Source "ChessBase"]
[SourceQuality "1"]
[TimeControl "40/5400+30:1800+30"]

1. d4 Nf6 2. c4 g6 3. g3 Bg7 4. Bg2 O-O 5. Nc3 d6 6. Nf3 Nbd7 7. O-O e5 8. e4 exd4 9. Nxd4 Re8 10. h3 a6 11. Be3 Rb8 12. Qc2 Ne5 13. b3 c5 14. Nde2 b5 15. Rad1 *

[Event "WYCC U16 Open 2019"]
[Site "Mumbai"]
[Date "2019.10.05"]
[Round "5.16"]
[White "Goderdzishvili, Giga"]
[Black "Harshavardhan G B"]
[Result "*"]
[ECO "E11"]
[WhiteElo "2038"]
[BlackElo "2362"]
[Annotator "RC"]
[PlyCount "28"]
[EventDate "2019.10.02"]
[EventType "swiss"]
[EventCountry "IND"]
[SourceTitle "playchess.com"]
[Source "ChessBase"]
[SourceQuality "1"]
[TimeControl "40/5400+30:1800+30"]

1. d4 Nf6 2. c4 e6 3. Nf3 Bb4+ 4. Bd2 a5 5. g3 d5 6. a3 Bd6 7. Nc3 c6 8. c5 Bc7 9. b4 Ne4 10. Bg2 Nxd2 11. Nxd2 e5 12. Nf3 axb4 13. axb4 Rxa1 14. Qxa1 exd4 *

[Event "WYCC U16 Open 2019"]
[Site "Mumbai"]
[Date "2019.10.06"]
[Round "6.1"]
[White "Makarian, Rudik"]
[Black "Daghli, Arash"]
[Result "1-0"]
[ECO "E73"]
[WhiteElo "2386"]
[BlackElo "2387"]
[Annotator "ChessBase"]
[PlyCount "67"]
[EventDate "2019.10.02"]
[EventType "swiss"]
[EventCountry "IND"]
[SourceTitle "playchess.com"]
[Source "ChessBase"]
[SourceQuality "1"]
[TimeControl "40/5400+30:1800+30"]

1. d4 Nf6 2. c4 g6 3. Nc3 Bg7 4. e4 d6 5. Be2 O-O 6. Be3 Na6 7. Nf3 Ng4 8. Bg5 f6 9. Bc1 e5 10. O-O f5 11. Bg5 Qe8 12. h3 fxe4 13. hxg4 exf3 14. Bxf3 Kh8 15. Re1 Qf7 16. dxe5 Bxe5 17. Ne4 Bg7 18. Qd2 Qxc4 19. Bh6 Qf7 20. Rac1 Rb8 21. Rc3 Bd7 22. Ng5 Qf6 23. Bxg7+ Qxg7 24. Nxh7 Qxh7 25. Bd5 Bxg4 26. Qd4+ Qg7 27. Qxg4 Rf5 28. Rh3+ Rh5 29. Rxh5+ gxh5 30. Qxh5+ Qh7 31. Qg5 Qg7 32. Qh4+ Qh7 33. Qf4 Nc5 34. Re3 1-0

[Event "WYCC U16 Open 2019"]
[Site "Mumbai"]
[Date "2019.10.06"]
[Round "6.2"]
[White "Pogosyan, Stefan"]
[Black "Aronyak Ghosh"]
[Result "1/2-1/2"]
[ECO "A40"]
[WhiteElo "2364"]
[BlackElo "2380"]
[Annotator "ChessBase"]
[PlyCount "97"]
[EventDate "2019.10.02"]
[EventType "swiss"]
[EventCountry "IND"]
[SourceTitle "playchess.com"]
[Source "ChessBase"]
[SourceQuality "1"]
[TimeControl "40/5400+30:1800+30"]

1. d4 b6 2. c4 Bb7 3. Nc3 e6 4. a3 Nf6 5. d5 Bd6 6. Nf3 O-O 7. g3 exd5 8. cxd5 Na6 9. Bg2 c6 10. O-O cxd5 11. b4 Nc7 12. Bb2 Re8 13. Qb3 Ba6 14. b5 Bb7 15. Rfd1 a6 16. a4 Ne6 17. Nh4 Nc5 18. Qc2 Be5 19. Nxd5 Nxd5 20. Bxd5 Bxd5 21. Rxd5 Bxb2 22. Qxb2 axb5 23. Qxb5 Ra5 24. Qc4 Qf6 25. Ra2 Ne4 26. Nf5 Qe6 27. Ne3 Nxf2 28. Kxf2 Qxe3+ 29. Kg2 Qe6 30. Kf2 Qe3+ 31. Kg2 Qe6 32. Rad2 Rxd5 33. Qxd5 Qxd5+ 34. Rxd5 Rxe2+ 35. Kg1 f6 36. Rxd7 Rb2 37. Rb7 Rb4 38. Kg2 h5 39. h4 Kh7 40. Ra7 Kg6 41. a5 bxa5 42. Rxa5 Rb7 43. Kf3 Kh6 44. Rc5 g6 45. Ra5 Kg7 46. Ra6 Kf7 47. Rc6 Ke7 48. Ra6 Rd7 49. Ke4 1/2-1/2

[Event "WYCC U16 Open 2019"]
[Site "Mumbai"]
[Date "2019.10.06"]
[Round "6.3"]
[White "Turgut, Aydin"]
[Black "Niemann, Hans Moke"]
[Result "0-1"]
[ECO "B62"]
[WhiteElo "2281"]
[BlackElo "2439"]
[Annotator "ChessBase"]
[PlyCount "48"]
[EventDate "2019.10.02"]
[EventType "swiss"]
[EventCountry "IND"]
[SourceTitle "playchess.com"]
[Source "ChessBase"]
[SourceQuality "1"]
[TimeControl "40/5400+30:1800+30"]

1. e4 c5 2. Nf3 d6 3. d4 cxd4 4. Nxd4 Nf6 5. Nc3 Nc6 6. Bg5 e6 7. Be2 Qa5 8. Bxf6 gxf6 9. Qd2 a6 10. f4 Bd7 11. O-O-O b5 12. Nb3 Qc7 13. Bh5 b4 14. Ne2 Rg8 15. Ned4 Rc8 16. Kb1 Nd8 17. Rhe1 a5 18. e5 fxe5 19. fxe5 d5 20. Nf3 a4 21. Nbd4 a3 22. Re2 axb2 23. Ng5 b3 24. cxb3 Qc1+ 0-1

[Event "WYCC U16 Open 2019"]
[Site "Mumbai"]
[Date "2019.10.06"]
[Round "6.4"]
[White "Kacharava, Nikolozi"]
[Black "Bilych, Olexiy"]
[Result "1/2-1/2"]
[ECO "C60"]
[WhiteElo "2428"]
[BlackElo "2281"]
[Annotator "ChessBase"]
[PlyCount "132"]
[EventDate "2019.10.02"]
[EventType "swiss"]
[EventCountry "IND"]
[SourceTitle "playchess.com"]
[Source "ChessBase"]
[SourceQuality "1"]
[TimeControl "40/5400+30:1800+30"]

1. e4 e5 2. Nf3 Nc6 3. Bb5 g6 4. c3 a6 5. Ba4 Bg7 6. d4 exd4 7. cxd4 b5 8. Bc2 d5 9. O-O Bg4 10. exd5 Bxf3 11. Qxf3 Nxd4 12. Qe4+ Ne7 13. Bg5 h6 14. Bxe7 Qxe7 15. Nd2 Qxe4 16. Bxe4 f5 17. Bd3 O-O-O 18. a4 Rxd5 19. Ra3 Rhd8 20. Nb1 Nf3+ 21. gxf3 Rxd3 22. axb5 axb5 23. Nc3 b4 24. Ra8+ Kb7 25. Rxd8 Rxd8 26. Na4 Bd4 27. Rc1 Rd5 28. b3 Re5 29. Kf1 f4 30. Rc2 c5 31. Rd2 Kc6 32. Rc2 Kb5 33. Rc4 Re8 34. Rc1 Ra8 35. Ke2 Re8+ 36. Kf1 g5 37. h3 h5 38. Rd1 Re6 39. Rd2 g4 40. hxg4 hxg4 41. fxg4 f3 42. Rd3 Rf6 43. g5 Rf4 44. g6 c4 45. g7 Bxg7 46. Rd5+ Kc6 47. Rc5+ Kd6 48. bxc4 Rd4 49. Ke1 Rd3 50. Rc8 Bd4 51. Rb8 b3 52. c5+ Kc7 53. Rb5 b2 54. Rb6 Be5 55. Rb5 Bd4 56. Rb6 Bf6 57. Rb5 Be5 58. Rb6 Bd4 59. Rb5 Kc6 60. Rb6+ Kd5 61. Rb8 Be5 62. Rb7 Bg7 63. Rb8 Bf6 64. Rb5 Bd4 65. Rb8 Bf6 66. Rb5 Bd4 1/2-1/2

[Event "WYCC U16 Open 2019"]
[Site "Mumbai"]
[Date "2019.10.06"]
[Round "6.5"]
[White "Stork, Oliver"]
[Black "Avila Pavas, Santiago"]
[Result "1-0"]
[ECO "B39"]
[WhiteElo "2314"]
[BlackElo "2406"]
[Annotator "RC"]
[PlyCount "95"]
[EventDate "2019.10.02"]
[EventType "swiss"]
[EventCountry "IND"]
[SourceTitle "playchess.com"]
[Source "ChessBase"]
[SourceQuality "1"]
[TimeControl "40/5400+30:1800+30"]

1. c4 c5 2. Nf3 g6 3. e4 Bg7 4. d4 cxd4 5. Nxd4 Nc6 6. Be3 Nf6 7. Nc3 Ng4 8. Qxg4 Nxd4 9. Qd1 e5 10. Bd3 O-O 11. O-O d6 12. Qd2 Be6 13. Rac1 Qd7 14. Rfd1 Rfc8 15. b3 Bg4 16. Be2 Nxe2+ 17. Nxe2 Rd8 18. f3 Be6 19. Nc3 f6 20. Nb5 a6 21. Nxd6 Bf8 22. c5 Qc6 23. Qb4 a5 24. Qa3 Qa6 25. Rd2 Rd7 26. Rcd1 Rad8 27. Kf2 Be7 28. Qa4 h5 29. Nc4 Rxd2+ 30. Rxd2 Rxd2+ 31. Nxd2 Kf7 32. Nc4 Bxc4 33. bxc4 Qe6 34. Qb5 h4 35. Qxb7 Qxc4 36. Qd5+ Qxd5 37. exd5 Bf8 38. a4 f5 39. Ke2 e4 40. fxe4 fxe4 41. Bd4 Bh6 42. Be5 Ke7 43. Bd4 Kf7 44. Be5 Ke7 45. c6 Bg5 46. d6+ Ke6 47. d7 Bd8 48. c7 1-0

[Event "WYCC U16 Open 2019"]
[Site "Mumbai"]
[Date "2019.10.06"]
[Round "6.6"]
[White "Soto, Miguel Angel"]
[Black "Nogerbek, Kazybek"]
[Result "1-0"]
[ECO "B33"]
[WhiteElo "2283"]
[BlackElo "2387"]
[Annotator "ChessBase"]
[PlyCount "95"]
[EventDate "2019.10.02"]
[EventType "swiss"]
[EventCountry "IND"]
[SourceTitle "playchess.com"]
[Source "ChessBase"]
[SourceQuality "1"]
[TimeControl "40/5400+30:1800+30"]

1. e4 c5 2. Nf3 Nc6 3. d4 cxd4 4. Nxd4 Nf6 5. Nc3 e5 6. Ndb5 d6 7. Bg5 a6 8. Na3 b5 9. Nd5 Be7 10. Bxf6 Bxf6 11. c3 Rb8 12. Nc2 Bg5 13. Be2 O-O 14. Bg4 Be6 15. Ncb4 Nxb4 16. Nxb4 Qb6 17. O-O a5 18. Bxe6 fxe6 19. Nd3 Bh6 20. a4 Qc6 21. axb5 Qxe4 22. Rxa5 Qc4 23. Nb4 e4 24. Re1 d5 25. Qe2 Qc7 26. Nc6 Rbe8 27. Ra7 Qd6 28. Ra6 Rf6 29. Nd4 Qd7 30. Rea1 Qc8 31. b6 Bf4 32. Qb5 Ref8 33. b7 Bxh2+ 34. Kxh2 Qd8 35. b8=Q Qxb8+ 36. Qxb8 Rxb8 37. Ra8 Rff8 38. Rxb8 Rxb8 39. Rb1 Kf7 40. b4 Rb6 41. Kg1 e5 42. Nc2 Ke6 43. Kf1 Rc6 44. b5 Rb6 45. Ne3 h5 46. c4 d4 47. c5 Rb8 48. Nc4 1-0

[Event "WYCC U16 Open 2019"]
[Site "Mumbai"]
[Date "2019.10.06"]
[Round "6.7"]
[White "Hilwerda, Jonas"]
[Black "Talukdar, Rohan"]
[Result "1-0"]
[ECO "B90"]
[WhiteElo "2229"]
[BlackElo "2369"]
[Annotator "ChessBase"]
[PlyCount "83"]
[EventDate "2019.10.02"]
[EventType "swiss"]
[EventCountry "IND"]
[SourceTitle "playchess.com"]
[Source "ChessBase"]
[SourceQuality "1"]
[TimeControl "40/5400+30:1800+30"]

1. e4 c5 2. Nf3 d6 3. d4 cxd4 4. Nxd4 Nf6 5. Nc3 a6 6. h3 e5 7. Nb3 Be6 8. f4 Nbd7 9. g4 Rc8 10. Bg2 h6 11. f5 Bc4 12. Be3 d5 13. exd5 Bb4 14. Qd2 O-O 15. g5 hxg5 16. Bxg5 a5 17. a3 Bxc3 18. bxc3 a4 19. Nc1 Qa5 20. Nd3 Bxd5 21. Nb4 e4 22. O-O-O e3 23. Bxe3 Bxg2 24. Qxg2 Qxf5 25. Bd4 b5 26. h4 Nh5 27. Rhg1 Qh7 28. Qg5 Rfe8 29. Rdf1 Re6 30. Rd1 Ree8 31. Rdf1 Re6 32. Rf5 Qh6 33. Nd5 Rce8 34. Kb2 Rg6 35. Qxh5 Qxh5 36. Rxh5 Rxg1 37. Bxg1 Ne5 38. Nb6 Nf3 39. Bd4 Re1 40. Rxb5 Nxh4 41. Bf2 Re4 42. Rb4 1-0

[Event "WYCC U16 Open 2019"]
[Site "Mumbai"]
[Date "2019.10.06"]
[Round "6.8"]
[White "Tarlabasi, Emirhan"]
[Black "Kushagra Mohan"]
[Result "0-1"]
[ECO "E61"]
[WhiteElo "2365"]
[BlackElo "2309"]
[Annotator "ChessBase"]
[PlyCount "96"]
[EventDate "2019.10.02"]
[EventType "swiss"]
[EventCountry "IND"]
[SourceTitle "playchess.com"]
[Source "ChessBase"]
[SourceQuality "1"]
[TimeControl "40/5400+30:1800+30"]

1. d4 Nf6 2. c4 g6 3. Nc3 Bg7 4. Nf3 O-O 5. e3 d6 6. Be2 Nbd7 7. O-O e5 8. b4 e4 9. Nd2 Re8 10. Qc2 Qe7 11. Bb2 h5 12. a4 Nf8 13. Rfc1 c6 14. b5 Bf5 15. a5 Ne6 16. Nb3 Ng5 17. a6 Nf3+ 18. Bxf3 exf3 19. Qd1 cxb5 20. axb7 Qxb7 21. Na5 Qb6 22. Qxf3 b4 23. Nd5 Nxd5 24. Qxd5 Be4 25. Qg5 b3 26. Rc3 Bc2 27. h3 Rab8 28. Qf4 Rec8 29. Qf3 Qc7 30. Qd5 Qe7 31. Qf3 Rb6 32. Ra3 Rcb8 33. c5 dxc5 34. Rxc5 Be4 35. Qe2 Ba8 36. f3 Bxd4 37. Bxd4 b2 38. Rac3 b1=Q+ 39. Kh2 Rd6 40. Be5 Rb2 41. Nc4 Rxe2 42. Nxd6 Rxg2+ 43. Kxg2 Qg5+ 44. Bg3 Bxf3+ 45. Kxf3 Qf1+ 46. Ke4 Qxg3 47. Nc4 Qgf3+ 48. Kd4 Q1d1+ 0-1

[Event "WYCC U16 Open 2019"]
[Site "Mumbai"]
[Date "2019.10.06"]
[Round "6.9"]
[White "Moksh Amit Doshi"]
[Black "Lumachi, Gabriele"]
[Result "1-0"]
[ECO "D37"]
[WhiteElo "2328"]
[BlackElo "2207"]
[Annotator "ChessBase"]
[PlyCount "87"]
[EventDate "2019.10.02"]
[EventType "swiss"]
[EventCountry "IND"]
[SourceTitle "playchess.com"]
[Source "ChessBase"]
[SourceQuality "1"]
[TimeControl "40/5400+30:1800+30"]

1. d4 d5 2. c4 e6 3. Nc3 Nf6 4. Nf3 a6 5. cxd5 exd5 6. Qb3 c6 7. e4 Nxe4 8. Nxe4 dxe4 9. Ng5 Qe7 10. Bc4 Qb4+ 11. Bd2 Qxb3 12. Bxb3 Be6 13. Bxe6 fxe6 14. Nxe6 Kd7 15. Ng5 Bd6 16. Nxe4 Re8 17. f3 Kc7 18. Kf2 Nd7 19. Rhe1 Rad8 20. Ng5 Nf8 21. Nf7 Ra8 22. Nxd6 Kxd6 23. Bb4+ Kd7 24. Rxe8 Rxe8 25. Bxf8 Rxf8 26. Re1 Kd6 27. Re5 b6 28. Ke3 c5 29. Rg5 g6 30. dxc5+ bxc5 31. Rg4 Kc6 32. Ra4 Kb5 33. Re4 Rf7 34. f4 Rd7 35. g4 c4 36. f5 Rd3+ 37. Ke2 gxf5 38. gxf5 Rd5 39. Rf4 Rd7 40. f6 Rf7 41. Ke3 Kc5 42. Ke4 Kd6 43. Kf5 Kd5 44. Rf2 1-0

[Event "WYCC U16 Open 2019"]
[Site "Mumbai"]
[Date "2019.10.06"]
[Round "6.10"]
[White "Gharibyan, Mamikon"]
[Black "Ajay Karthikeyan"]
[Result "1-0"]
[ECO "A50"]
[WhiteElo "2388"]
[BlackElo "2214"]
[Annotator "ChessBase"]
[PlyCount "123"]
[EventDate "2019.10.02"]
[EventType "swiss"]
[EventCountry "IND"]
[SourceTitle "playchess.com"]
[Source "ChessBase"]
[SourceQuality "1"]
[TimeControl "40/5400+30:1800+30"]

1. d4 Nf6 2. c4 b6 3. Nc3 Bb7 4. Qc2 g6 5. e4 d6 6. Nf3 Nbd7 7. Be2 e5 8. d5 Bg7 9. O-O O-O 10. Rb1 a5 11. a3 a4 12. Nxa4 Nxe4 13. Nxb6 Nxb6 14. Qxe4 f5 15. Qc2 h6 16. Rd1 g5 17. b4 g4 18. Ne1 Nc8 19. g3 Ne7 20. Ng2 Bc8 21. f4 gxf3 22. Bxf3 Bd7 23. Rf1 Kh8 24. Bb2 Bf6 25. Rbe1 Be8 26. Qd2 Kh7 27. Bd1 Bg6 28. a4 Bg5 29. Qe2 h5 30. Kh1 Ng8 31. Bc2 Nh6 32. Bc1 Bxc1 33. Rxc1 Qg5 34. Nh4 Ng4 35. Rce1 Kg7 36. Nf3 Qf6 37. h3 Nh6 38. Qd2 Nf7 39. b5 Bh7 40. a5 Kh8 41. Nh4 Nh6 42. Rf3 Rg8 43. Qc3 Raf8 44. Ng2 h4 45. Nxh4 f4 46. Bxh7 Kxh7 47. Qc2+ Kh8 48. Ref1 Rxg3 49. Rxg3 Qxh4 50. Qg2 Nf5 51. Rg4 Qh7 52. Rg1 Ne3 53. Rh4 Nxg2 54. Rxh7+ Kxh7 55. Kxg2 Kg6 56. a6 Kf5 57. c5 Ke4 58. b6 Kd3 59. b7 Ke2 60. a7 Rg8+ 61. Kh2 Rxg1 62. b8=Q 1-0

[Event "WYCC U16 Open 2019"]
[Site "Mumbai"]
[Date "2019.10.06"]
[Round "6.12"]
[White "Sankalp Gupta"]
[Black "Tomiello, Lucas Costamilan"]
[Result "1-0"]
[ECO "B94"]
[WhiteElo "2369"]
[BlackElo "2107"]
[Annotator "ChessBase"]
[PlyCount "101"]
[EventDate "2019.10.02"]
[EventType "swiss"]
[EventCountry "IND"]
[SourceTitle "playchess.com"]
[Source "ChessBase"]
[SourceQuality "1"]
[TimeControl "40/5400+30:1800+30"]

1. e4 c5 2. Nf3 d6 3. d4 cxd4 4. Nxd4 Nf6 5. Nc3 a6 6. Bg5 Nbd7 7. Qe2 h6 8. Bh4 g6 9. f4 e5 10. fxe5 dxe5 11. O-O-O Qc7 12. Nb3 b5 13. Nd5 Nxd5 14. exd5 Bd6 15. Qd2 Bb7 16. Na5 Rc8 17. Nxb7 Qxb7 18. g4 Kf8 19. Bg2 Rc4 20. h3 Kg7 21. Kb1 Rhc8 22. Rc1 a5 23. Rhf1 a4 24. Rf3 f6 25. Qf2 g5 26. Bg3 b4 27. Bf1 Rd4 28. Rd3 Qxd5 29. Qf5 Rd8 30. Bg2 Qc4 31. b3 axb3 32. axb3 Qc7 33. h4 Nf8 34. hxg5 hxg5 35. Be4 Qd7 36. Qf3 Bc5 37. Rf1 Qe6 38. Rh1 Rxd3 39. Bxd3 Bd4 40. Be1 Qe8 41. Qh3 Bc3 42. Qh8+ Kf7 43. Bc4+ Ke7 44. Qg7+ Kd6 45. Bxc3 bxc3 46. Rd1+ Kc6 47. Bb5+ Kxb5 48. Qb7+ Kc5 49. b4+ Kc4 50. Qc7+ Kxb4 51. Rxd8 1-0

[Event "WYCC U16 Open 2019"]
[Site "Mumbai"]
[Date "2019.10.06"]
[Round "6.13"]
[White "Harshavardhan G B"]
[Black "Zetocha, Adrian"]
[Result "1-0"]
[ECO "B07"]
[WhiteElo "2362"]
[BlackElo "2043"]
[Annotator "ChessBase"]
[PlyCount "114"]
[EventDate "2019.10.02"]
[EventType "swiss"]
[EventCountry "IND"]
[SourceTitle "playchess.com"]
[Source "ChessBase"]
[SourceQuality "1"]
[TimeControl "40/5400+30:1800+30"]

1. e4 d6 2. d4 Nf6 3. Nc3 g6 4. Be3 Bg7 5. Nf3 O-O 6. Qd2 c6 7. Bh6 Bg4 8. Be2 Bxf3 9. Bxf3 e5 10. Bxg7 Kxg7 11. O-O-O Na6 12. h4 Nc7 13. h5 Qe7 14. Be2 Ne6 15. dxe5 dxe5 16. hxg6 fxg6 17. Qh6+ Kg8 18. Bc4 b5 19. Bb3 Rae8 20. f4 Kh8 21. Bxe6 Qxe6 22. f5 gxf5 23. exf5 Qe7 24. Qh4 b4 25. Ne4 Nxe4 26. Qxe4 Qg5+ 27. Kb1 Qxf5 28. Qxb4 Rf7 29. Qc4 Qg6 30. Rh6 Rf4 31. Qxc6 Qxc6 32. Rxc6 e4 33. Kc1 Re7 34. Rcd6 Rf2 35. g4 e3 36. Rd8+ Kg7 37. R8d7 Rxd7 38. Rxd7+ Kf6 39. Kd1 Kg5 40. Rd4 Rg2 41. Re4 Rxg4 42. Rxe3 h5 43. Re5+ Kh6 44. Ke1 h4 45. Kf1 Rd4 46. Rc5 Rd2 47. Kg1 h3 48. b4 h2+ 49. Kh1 Kg6 50. a4 Kf6 51. b5 Ke6 52. a5 Kd6 53. Rc8 Kd7 54. Rc3 Ke6 55. a6 Kd6 56. Rc8 Ke5 57. b6 Kd5 1-0

[Event "WYCC U16 Open 2019"]
[Site "Mumbai"]
[Date "2019.10.06"]
[Round "6.14"]
[White "Soham Kamotra"]
[Black "Mis, Mieszko"]
[Result "1/2-1/2"]
[ECO "A15"]
[WhiteElo "2091"]
[BlackElo "2345"]
[Annotator "NA"]
[PlyCount "102"]
[EventDate "2019.10.02"]
[EventType "swiss"]
[EventCountry "IND"]
[SourceTitle "playchess.com"]
[Source "ChessBase"]
[SourceQuality "1"]
[TimeControl "40/5400+30:1800+30"]

1. c4 Nf6 2. Nf3 e6 3. e3 c5 4. b3 b6 5. Be2 Bb7 6. Bb2 Be7 7. O-O O-O 8. Nc3 d6 9. d4 Nbd7 {A30: Symmetrical English: Double Fianchetto and Hedgehog} (9... cxd4 10. Nxd4 a6 11. Bf3 Qc7 12. Bxb7 Qxb7 13. Qe2 Nbd7 14. e4 Ne5 15. Rad1 Rfd8 16. Rd2 Ng6 17. g3 Bf8 18. Rfd1 Rab8 19. a4 Rbc8 20. Nf3 Be7 {1-0 (50) Gusain,H (2404)-Turov,M (2579) Taleigao 2019}) 10. Rc1 a6 $146 ({Predecessor:} 10... Rc8 11. Qd2 a6 {0-1 (71) Balaban Voia,A (1814)-Ileana,G (2344) Arad 2019}) 11. Qd2 Qc7 12. Rfd1 Rac8 13. Ba1 Rfd8 14. Qb2 Bf8 15. Qb1 Qb8 16. d5 exd5 17. Nxd5 Bxd5 18. cxd5 Qb7 19. Qf5 Re8 20. Rc4 g6 21. Qh3 Bg7 22. Rh4 Re4 $2 (22... Nf8 $11 {and Black is okay.}) 23. Rxe4 Nxe4 24. Bxa6 Qxa6 25. Qxd7 Bxa1 26. Rxa1 Ra8 27. Qc6 Qa3 28. h4 h6 29. Qb7 Kg7 30. Qe7 Qb2 31. Rf1 Qc2 32. a4 Qd3 33. Qb7 Qa6 34. Qe7 Qd3 35. Qb7 Re8 36. Qxb6 Qxd5 37. Qb5 Re7 38. Qc4 Qxc4 39. bxc4 Ra7 40. Ra1 Ra5 41. Ra3 g5 42. hxg5 hxg5 43. g4 $11 f5 44. gxf5 Kf6 45. Rd3 Rxa4 46. Nd2 Nxd2 47. Rxd2 Rxc4 48. Rxd6+ Kxf5 49. Rd5+ Kg4 50. Kg2 Rc2 51. Rd8 Rb2 1/2-1/2

[Event "WYCC U16 Open 2019"]
[Site "Mumbai"]
[Date "2019.10.06"]
[Round "6.15"]
[White "Jayachandra Srinivas Vellanki"]
[Black "Cardoso Cardoso, Jose Gabriel"]
[Result "0-1"]
[ECO "E15"]
[WhiteElo "1967"]
[BlackElo "2313"]
[Annotator "ChessBase"]
[PlyCount "91"]
[EventDate "2019.10.02"]
[EventType "swiss"]
[EventCountry "IND"]
[SourceTitle "playchess.com"]
[Source "ChessBase"]
[SourceQuality "1"]
[TimeControl "40/5400+30:1800+30"]

1. d4 Nf6 2. c4 e6 3. Nf3 b6 4. g3 Ba6 5. Qc2 Bb7 6. Bg2 c5 7. O-O cxd4 8. Nxd4 Bxg2 9. Kxg2 Qc7 10. b3 Be7 11. Bb2 O-O 12. Nc3 d6 13. Rfd1 Nbd7 14. e4 a6 15. Qe2 Qb7 16. f3 Rfe8 17. Rd2 Bf8 18. Rad1 Rec8 19. Nc2 Rab8 20. Ba3 Ne8 21. Bb4 Qa8 22. Nd4 b5 23. cxb5 a5 24. Bxd6 Bxd6 25. Nc6 Rxc6 26. bxc6 Qxc6 27. Qc4 Qxc4 28. bxc4 Ne5 29. Rxd6 Nxd6 30. Rxd6 Rb2+ 31. Kf1 g5 32. f4 Nxc4 33. Rd8+ Kg7 34. fxg5 Rxh2 35. Rc8 Ne3+ 36. Ke1 Rc2 37. Rc5 Kg6 38. a4 Kh5 39. e5 Kg4 40. Ne4 Kf3 41. Nd2+ Kxg3 42. Rb5 Nd5 43. Rxa5 Nc3 44. Nb3 Re2+ 45. Kf1 Rb2 46. Rb5 0-1

[Event "WYCC U16 Open 2019"]
[Site "Mumbai"]
[Date "2019.10.06"]
[Round "6.16"]
[White "Atri Chattopadhyay"]
[Black "Wachinger, Nikolas"]
[Result "0-1"]
[ECO "B22"]
[WhiteElo "1920"]
[BlackElo "2297"]
[Annotator "ChessBase"]
[PlyCount "76"]
[EventDate "2019.10.02"]
[EventType "swiss"]
[EventCountry "IND"]
[SourceTitle "playchess.com"]
[Source "ChessBase"]
[SourceQuality "1"]
[TimeControl "40/5400+30:1800+30"]

1. e4 c5 2. c3 d5 3. exd5 Qxd5 4. d4 g6 5. Be3 cxd4 6. cxd4 Bg7 7. Nc3 Qa5 8. Nf3 Nh6 9. Bc4 O-O 10. O-O Nf5 11. Qe2 Nc6 12. d5 Ne5 13. Nxe5 Bxe5 14. h3 Bd7 15. Bb6 Qxb6 16. Qxe5 Qd4 17. Qxd4 Nxd4 18. Rfd1 Nf5 19. Ne4 Rfc8 20. Bb3 a5 21. a4 Ra6 22. Rac1 Rxc1 23. Rxc1 Rb6 24. Rc7 Rxb3 25. Rxd7 Rb4 26. g4 Nd4 27. Rxe7 Kf8 28. d6 Nc6 29. Nf6 Nxe7 30. dxe7+ Kxe7 31. Nd5+ Kd6 32. Nxb4 axb4 33. Kf1 Kc5 34. Ke2 Kc4 35. Kd2 Kb3 36. Kc1 g5 37. a5 Ka2 38. f3 b3 0-1

[Event "WYCC U16 Open 2019"]
[Site "Mumbai"]
[Date "2019.10.07"]
[Round "7.1"]
[White "Niemann, Hans Moke"]
[Black "Makarian, Rudik"]
[Result "1-0"]
[ECO "A61"]
[WhiteElo "2439"]
[BlackElo "2386"]
[Annotator "ChessBase"]
[PlyCount "122"]
[EventDate "2019.10.02"]
[EventType "swiss"]
[EventCountry "IND"]
[SourceTitle "playchess.com"]
[Source "ChessBase"]
[SourceQuality "1"]
[TimeControl "40/5400+30:1800+30"]

1. d4 Nf6 2. c4 e6 3. Nf3 c5 4. d5 exd5 5. cxd5 g6 6. Nc3 d6 7. Bf4 Bg7 8. h3 O-O 9. e3 Ne8 10. Be2 Nd7 11. O-O Ne5 12. Nd2 Rb8 13. a4 b6 14. Bg3 f5 15. Rb1 Nc7 16. Nb5 Nxb5 17. axb5 Bd7 18. f4 Nf7 19. Qb3 a6 20. bxa6 b5 21. Qa3 Qb6 22. b4 Ra8 23. bxc5 dxc5 24. Nc4 Qxa6 25. Qxa6 Rxa6 26. Ne5 Rd6 27. Nxd7 Rxd7 28. Rfc1 c4 29. Rxb5 Nd6 30. Rb6 Re8 31. Bf2 Bd4 32. exd4 Rxe2 33. Be1 Ne4 34. Bb4 c3 35. Bxc3 Nxc3 36. Rxc3 Re4 37. Rc4 Kf7 38. g3 Rxd5 39. Rb7+ Re7 40. Rxe7+ Kxe7 41. Kf2 Ra5 42. g4 Kd6 43. Kg3 Ra3+ 44. Kh4 Rf3 45. d5 Kxd5 46. Rc7 Rxf4 47. Kg5 Ra4 48. Rxh7 fxg4 49. Rh4 Ra3 50. hxg4 Ra4 51. Rh6 Ke6 52. Rxg6+ Kf7 53. Kh6 Ra1 54. Rg7+ Kf8 55. g5 Ra6+ 56. Kh7 Ra5 57. Rg8+ Ke7 58. g6 Ra1 59. Kg7 Ra7 60. Rf8 Ke6+ 61. Kh8 Kd5 1-0